 Dungeon Crawl Stone Soup version 0.21.1-1-g345015fe64 (webtiles) character file.

644 Mrkan the Cudgeler (level 7, 0/41 HPs)
             Began as a Gargoyle Gladiator on May 4, 2018.
             Was a Follower of Makhleb.
             Slain by a centaur (6 damage)
             ... on level 4 of the Dungeon.
             The game lasted 00:31:09 (6224 turns).

Mrkan the Cudgeler (Gargoyle Gladiator)             Turns: 6224, Time: 00:31:09

Health: 0/41       AC: 15    Str: 19    XL:     7   Next: 52%
Magic:  7/7        EV:  8    Int:  9    God:    Makhleb [*.....]
Gold:   219        SH:  0    Dex: 11    Spells: 6/6 levels left

rFire    . . .     SeeInvis .   E - +0 dire flail (protect)
rCold    . . .     Gourm    .   (shield currently unavailable)
rNeg     + . .     Faith    .   n - +0 chain mail
rPois    ∞         Spirit   .   c - +0 helmet
rElec    +         Reflect  .   (no cloak)
rCorr    .         Harm     .   (no gloves)
MR       .....                  (no boots)
Stlth    ..........             (no amulet)
HPRegen  0.13/turn              (no ring)
MPRegen  0.10/turn              (no ring)

@: no status effects
A: negative energy resistance 1, electricity resistance, unbreathing,
petrification resistance, rot immunity, AC +4
a: Renounce Religion


You were on level 4 of the Dungeon.
You worshipped Makhleb.
Makhleb was aware of your devotion.
You were not hungry.

You visited 1 branch of the dungeon, and saw 5 of its levels.

You collected 219 gold pieces.

Inventory:

Hand Weapons
 a - a +0 flail
 e - a +0 club
 h - a +0 short sword
 i - a +2 whip of electrocution
 t - a +1 dagger of venom
 v - a cursed -2 club
 E - a +0 dire flail of protection (weapon)
Missiles
 d - 3 throwing nets (quivered)
Armour
 b - a +0 leather armour
 c - a +0 helmet (worn)
 n - a +0 chain mail (worn)
 q - a +0 robe
 u - a +0 ring mail
 A - a +0 ring mail
Jewellery
 z - an uncursed amulet of guardian spirit {unknown}
Wands
 l - a wand of polymorph (5)
 B - a wand of enslavement (2)
Scrolls
 g - 3 scrolls of amnesia {unknown}
 j - a scroll of fog {unknown}
 k - a scroll of immolation {unknown}
 r - a scroll of identify {unknown}
 s - a scroll of enchant armour {unknown}
 w - 3 scrolls of teleportation {unknown}
 y - a scroll of remove curse {unknown}
Potions
 C - a potion of magic {unknown}
 D - a potion of degeneration {unknown}
 F - a potion of brilliance {unknown}
Books
 G - a book of the Tempests

   Spells                             Type                      Level
   a - Static Discharge               Conjuration/Air              3
   b - Lightning Bolt                 Conjuration/Air              5
   c - Ignition                       Fire                         8
   d - Tornado                        Air                          9
   e - Shatter                        Earth                        9
Comestibles
 f - 4 rations


   Skills:
 + Level 3.3 Fighting
 + Level 6.4 Maces & Flails
 - Level 1.9 Throwing
 * Level 5.0 Armour
 - Level 2.5 Dodging
 + Level 0.1 Unarmed Combat


You had 6 spell levels left.
You didn't know any spells.

Dungeon Overview and Level Annotations

Branches:
Dungeon (5/15)
 Temple: D:4-7

Altars:
Ashenzari
Makhleb
Nemelex Xobeh
Ru
Trog
Yredelemnul

Shops:
D:4 (

Annotations:
D:5 Peloso's ghost, novice MiFi


Innate Abilities, Weirdness & Mutations

You are resistant to torment.
Your stone body is resilient. (AC +4)
You are immune to poison.
You resist negative energy. (rN+)
You are resistant to electric shocks. (rElec)
You can survive without breathing.
You are immune to petrification.
You are immune to rotting.


Message History

The centaur shoots an arrow.
The arrow hits you but does no damage.
The centaur shoots an arrow.
The arrow hits you but does no damage.
You see here 2 arrows.
The centaur shoots an arrow.
The arrow hits you but does no damage.
You see here an arrow.
The centaur shoots an arrow.
The arrow hits you but does no damage.
You see here an arrow.
The centaur shoots an arrow.
The arrow hits you.
You see here a club.
The centaur shoots an arrow.
The arrow hits you!
* * * LOW HITPOINT WARNING * * *
The centaur shoots an arrow.
The arrow hits you but does no damage.
You see here 2 arrows.
The centaur unwields an uncursed shortbow.
The centaur closely misses you.
You barely miss the centaur.
The centaur hits you but does no damage.
Your chain mail prevents you from hitting the centaur.
The centaur hits you.
You die...

#.## ##.#.#..##.### ####.#
#...#..#...## ######### #....##
##.###.......# ........#
#.###.###.####.(.(....
###..##.####.# ##.(.(c(sr(.##(###
.#.....#.....# ##.##########†#
.#.....#.....# ###r# #c#
.##...##.....# #)cs# ##h##
..#...#......###@##### ##rs.##
..##.##.........(....# ##..>..#
...#.#....######.##..# ##.......
#.####+.###..###.#...####........
###...###...............'........
..#._.#.......##......###........
###...###....######...# ##.....>.
#.#####.###...........# ##.....#
...#.#....###.#######.# ##...##


You could see a centaur, a scorpion and a quokka.

Vanquished Creatures
  Edmund (D:4)
  A centaur (D:5)
  A howler monkey (D:4)
  3 orc priests
  5 orc wizards
  A worker ant (D:4)
  8 adders
  4 oozes
  3 worms
  A dart slug (D:3)
  13 orcs
  A giant cockroach (D:1)
  6 goblins
  5 hobgoblins
  9 jackals
  4 kobolds
  2 quokkas
  2 ball pythons
  9 bats
  7 frilled lizards
  A jackal skeleton (D:4)
  A leopard gecko skeleton (D:4)
  7 rats
  A fungus (D:1)
96 creatures vanquished.

Vanquished Creatures (others)
  An adder zombie (D:5)
  An orc (D:5)
2 creatures vanquished.

Grand Total: 98 creatures vanquished

Notes
Turn   | Place    | Note
-------+----------+-------------------------------------------
     0 | D:1      | Mrkan the Gargoyle Gladiator began the quest for the Orb.
     0 | D:1      | Reached XP level 1. HP: 12/12 MP: 1/1
   637 | D:1      | Reached XP level 2. HP: 17/17 MP: 2/2
  1410 | D:1      | Reached XP level 3. HP: 20/21 MP: 3/3
  1677 | D:2      | Reached skill level 1 in Armour
  1679 | D:2      | Reached skill level 4 in Maces & Flails
  1679 | D:2      | Reached XP level 4. HP: 27/27 MP: 4/4
  1930 | D:2      | Found a basalt altar of Yredelemnul.
  2521 | D:2      | Found a bloodstained altar of Trog.
  3119 | D:3      | Reached XP level 5. HP: 31/31 MP: 5/5
  3539 | D:3      | Found a sparkling altar of Nemelex Xobeh.
  3564 | D:3      | Found a burning altar of Makhleb.
  3601 | D:3      | Became a worshipper of Makhleb the Destroyer
  3696 | D:3      | Found a faded altar of an unknown god.
  4145 | D:4      | Reached skill level 5 in Maces & Flails
  4168 | D:4      | Reached XP level 6. HP: 27/37 MP: 6/6
  4427 | D:4      | Found Nel Hu Amun's Antique Weapon Shop.
  4507 | D:4      | Found a shattered altar of Ashenzari.
  4824 | D:4      | Noticed Edmund
  4887 | D:4      | Killed Edmund
  4922 | D:4      | Found a sacrificial altar of Ru.
  5479 | D:5      | Entered Level 5 of the Dungeon
  5502 | D:5      | Reached skill level 5 in Armour
  5502 | D:5      | Reached XP level 7. HP: 12/41 MP: 7/7
  5510 | D:5      | Reached * piety under Makhleb
  5525 | D:5      | Reached skill level 6 in Maces & Flails
  6181 | D:5      | Noticed Peloso's ghost (novice MiFi)
  6224 | D:4      | Slain by a centaur

Skill      XL: |  1  2  3  4  5  6  7 |
---------------+----------------------+-----
Armour         | 1 2 3 5 |  5.0
Maces & Flails | 4 5 6 |  6.4
Fighting       | 3 |  3.3
Throwing       | |  1.9
Dodging        | |  2.5
Unarmed Combat | |  0.1

Action                   |  1- 3 |  4- 6 |  7- 9 || total
-------------------------+-------+-------+-------++-------
Melee: Flail             |    94 |   264 |       ||   358
       Dire flail        |       |    14 |    64 ||    78
       Unarmed           |       |     8 |       ||     8
  Use: Potion            |       |     4 |     3 ||     7
 Stab: Sleeping          |     1 |       |       ||     1
       Invisible         |       |     1 |     8 ||     9
  Eat: Chunk             |     2 |     8 |       ||    10
       Ration            |       |     2 |       ||     2
Armor: Leather armour    |    37 |       |       ||    37
       Chain mail        |    14 |   206 |    66 ||   286
       Skin              |       |    10 |    32 ||    42
Dodge: Dodged            |    75 |   131 |    38 ||   244
